[Event "Schack-SM 2022: Junior-SM"]
[Site "Fyrishov, Idrottsgatan 2, Uppsala, Sweden"]
[Date "2022.07.02"]
[Round "1.5"]
[White "Soderstrom, Adrian"]
[Black "Falkevall, Axel"]
[Result "1/2-1/2"]
[TimeControl "90 minutes for 40 moves + 30 minutes for the rest of the game + 30 seconds per move from move one."]
[WhiteTitle "CM"]
[BlackTitle "FM"]
[WhiteFideId "1745786"]
[BlackFideId "1735560"]
[WhiteElo "2292"]
[BlackElo "2275"]

1. d4 Nf6 2. c4 e6 3. Nf3 d5 4. Nc3 Bb4 5. Bg5 h6 6. Bxf6 Qxf6 7. Qa4+ Nc6 8. e3 O-O 9. Rc1 Rd8 10.
Be2 dxc4 11. Bxc4 Qg6 12. O-O Bd7 13. Qc2 Qxc2 14. Rxc2 Bf8 15. a3 Be8 16. Rfc1 Rac8 17. Ba2 Ne7 18.
Ne4 Bc6 19. Nc5 Bxf3 20. gxf3 Rb8 21. Nd3 c6 22. Kf1 Nf5 23. Ke2 Bd6 24. f4 Kf8 25. Rc3 Be7 26. Ne5 Bf6 27. Rc5 Nd6 28.
Bb1 Rbc8 29. Bd3 g6 30. b4 a6 31. R5c3 g5 32. Ng4 Bg7 33. fxg5 hxg5 34. Rc5 f6 35. Rh1 1/2-1/2

[Event "Schack-SM 2022: Junior-SM"]
[Site "Fyrishov, Idrottsgatan 2, Uppsala, Sweden"]
[Date "2022.07.02"]
[Round "1.1"]
[White "Torngren, Gustav"]
[Black "Ostlund, Joar"]
[Result "0-1"]
[TimeControl "90 minutes for 40 moves + 30 minutes for the rest of the game + 30 seconds per move from move one."]
[WhiteTitle "FM"]
[BlackTitle "CM"]
[WhiteFideId "1728970"]
[BlackFideId "1735020"]
[WhiteElo "2273"]
[BlackElo "2222"]

1. e4 e5 2. Nf3 Nc6 3. Bc4 Bc5 4. c3 Nf6 5. d4 exd4 6. b4 Bb6 7. e5 d5 8. exf6 dxc4 9. Qe2+ Be6 10.
b5 Na5 11. fxg7 Rg8 12. cxd4 Rxg7 13. Nc3 Bxd4 14. Nxd4 Qxd4 15. Bb2 Qg4 16. Ne4 Qxe2+ 17. Kxe2 Rg6 18. Rad1 Bf5 19. Nf6+ Ke7 20.
Nd5+ Kf8 21. Ba3+ Kg7 22. Bb2+ Kf8 23. Rd4 c6 24. Nf4 Rg5 25. Bc3 Bd3+ 26. Kf3 Rxb5 27. a4 Rb3 28. Rc1 c5 29.
Rd6 Nc6 30. Kg4 Re8 31. Bf6 Ne5+ 32. Kg5 Rb6 33. Rd5 h6+ 34. Kh4 Rxf6 35. Nxd3 Nxd3 36. Rxc4 Rf4+ 37. Rxf4 Nxf4 38. Rxc5 Nxg2+ 0-1